 Dungeon Crawl Stone Soup version 0.24.0-125-gc4c63601f3 (webtiles) character file.

Game seed: 4073259017402314365, levelgen mode: deterministic

4098 Amplified the Fighter (level 10, -4/80 HPs)
             Began as a Mummy Gladiator on Mar 6, 2020.
             Was a Believer of Makhleb.
             Slain by a five-headed hydra (10 damage)
             ... on level 10 of the Dungeon.
             The game lasted 00:15:41 (8445 turns).

Amplified the Fighter (Mummy Gladiator)             Turns: 8445, Time: 00:15:42

Health: -4/80      AC: 10    Str: 20    XL:     10   Next: 6%
Magic:  15/15      EV: 12    Int:  7    God:    Makhleb [**....]
Gold:   593        SH:  0    Dex: 15    Spells: 9/9 levels left

rFire    x . .     SeeInvis .   g - +1 halberd (protect)
rCold    + . .     Gourm    .   (shield currently unavailable)
rNeg     + + +     Faith    .   m - +0 leather armour {MR+}
rPois    ∞         Spirit   .   c - +1 helmet
rElec    .         Reflect  .   i - +0 cloak
rCorr    .         Harm     .   e - +2 pair of gloves
MR       ++...                  (no boots)
Stlth    +.........             n - amulet of magic regeneration
HPRegen  0.23/turn              (no ring)
MPRegen  0.39/turn              (no ring)

@: no status effects
A: no food or potions, fire vulnerability, cold resistance 1, negative energy
resistance 3, torment resistance, unbreathing
a: Minor Destruction, Renounce Religion


You were on level 10 of the Dungeon.
You worshipped Makhleb.
Makhleb was pleased with you.
You were not hungry.

You visited 1 branch of the dungeon, and saw 10 of its levels.

You collected 593 gold pieces.

Inventory:

Hand Weapons
 a - a +0 trident
 g - a +1 halberd of protection (weapon)
Missiles
 f - 63 sling bullets
Armour
 c - a +1 helmet (worn)
 e - a +2 pair of gloves (worn)
 i - a +0 cloak (worn)
 m - a +0 leather armour of magic resistance (worn)
 o - a +0 scale mail
Jewellery
 n - an amulet of magic regeneration (around neck)
Wands
 d - a wand of flame (14)
Scrolls
 b - a scroll of vulnerability
 j - a scroll of identify
 k - 2 scrolls of amnesia
 l - 2 scrolls of remove curse


   Skills:
 * Level 8.1 Fighting
 * Level 7.1 Polearms
 - Level 1.5 Throwing
 + Level 4.4 Armour
 - Level 2.4 Dodging
 * Level 6.8 Invocations


You had 9 spell levels left.
You didn't know any spells.
Your spell library was empty.

Dungeon Overview and Level Annotations

Branches:
Dungeon (10/15)            Temple (0/1) D:7             Orc (0/2) D:9
   Lair: D:8-11

Altars:
Cheibriados
Elyvilon
Fedhas
Hepliaklqana
Makhleb
Wu Jian
Xom
Yredelemnul

Shops:
D:5 }?!


Innate Abilities, Weirdness & Mutations

You do not eat or drink.
Your flesh is vulnerable to fire.
You are immune to poison.
Your flesh is cold resistant. (rC+)
You are immune to negative energy. (rN+++)
You are immune to unholy pain and torment.
You can survive without breathing.


Message History

The bullfrog hits you but does no damage.
You barely miss the bullfrog.
The bullfrog hits you but does no damage.
A hungry ghost comes into view.
The hungry ghost moves out of view.
The centaur shouts!
The centaur wields a +0 shortbow.
The centaur shoots an arrow.
The arrow hits you.
* * * LOW HITPOINT WARNING * * *
The centaur shoots an arrow.
The arrow closely misses you.
Found a spear.
You see here 2 arrows.
The hungry ghost barely misses you.
You see here a falchion.
You see here a spear.
The five-headed hydra closely misses you.
The five-headed hydra barely misses you.
The five-headed hydra bites you but does no damage.
The five-headed hydra bites you!
You die...

#.##..#.#
#....##.. ##.. #
#...##.... .##.
#. #..........
....
#.##...##....##
.##.
.......##....#
##..
#..##..#.##..
#..#
#@.##....##.
..##
#DW.#.##..#.
..#.
#cF....##...
....
..##...##..#.##
.##.
.........##....#
##.?
########).#.##..
#..# #.....##.
..## #)#....#.
..#. #.........
....


You could see a five-headed hydra, a hungry ghost, a bullfrog and a centaur.

Vanquished Creatures
  2 hippogriffs (D:7)
  Sigmund (D:2)
  4 hogs (D:7)
  A human (D:7)
  A yak (D:10)
  A porcupine (D:10)
  2 ice beasts
  A black bear (D:10)
  3 sky beasts
  6 ogres
  2 phantoms
  2 centaurs
  A bullfrog (D:8)
  2 gnoll sergeants (D:9)
  2 scorpions
  A killer bee (D:9)
  4 wights (D:9)
  3 crimson imps (D:7)
  4 hounds
  A bullfrog zombie (D:5)
  An orc priest (D:5)
  A centaur skeleton (D:4)
  3 iguanas
  3 orc wizards
  5 worker ants (D:4)
  A hound skeleton (D:10)
  4 gnolls (D:2)
  4 adders
  A shadow imp (D:8)
  2 oozes (D:3)
  2 worms (D:3)
  6 leopard geckos
  15 orcs
  5 giant cockroaches
  6 goblins
  7 hobgoblins
  3 jackals (D:2)
  6 kobolds
  A quokka (D:2)
  A ball python (D:1)
  A ball python zombie (D:6)
  7 bats
  3 frilled lizards
  A leopard gecko skeleton (D:5)
  A quokka skeleton (D:4)
  A quokka zombie (D:8)
  9 rats
144 creatures vanquished.

Vanquished Creatures (others)
  A quokka (D:6)
  2 fungi (D:10)
3 creatures vanquished.

Grand Total: 147 creatures vanquished

Notes
Turn   | Place    | Note
-------+----------+-------------------------------------------
     0 | D:1      | Amplified the Mummy Gladiator began the quest for the Orb.
     0 | D:1      | Reached XP level 1. HP: 16/16 MP: 1/1
    67 | D:1      | Reached XP level 2. HP: 19/23 MP: 2/2
   539 | D:2      | Reached XP level 3. HP: 28/28 MP: 3/3
   540 | D:2      | Found a burning altar of Makhleb.
   545 | D:2      | Became a worshipper of Makhleb the Destroyer
   648 | D:2      | Found a faded altar of an unknown god.
   744 | D:2      | Reached skill level 1 in Armour
   769 | D:2      | Reached skill level 3 in Fighting
   798 | D:2      | Reached XP level 4. HP: 34/35 MP: 4/4
   960 | D:2      | Noticed Sigmund
   991 | D:3      | Reached skill level 1 in Invocations
  1203 | D:3      | Noticed an ogre
  1221 | D:3      | Killed an ogre
  1221 | D:3      | Reached * piety under Makhleb
  1221 | D:3      | Reached XP level 5. HP: 30/41 MP: 4/6
  2126 | D:4      | Reached XP level 6. HP: 48/48 MP: 7/7
  2153 | D:4      | Found an ornate altar of the Wu Jian Council.
  2265 | D:4      | Reached skill level 4 in Fighting
  2898 | D:5      | Entered Level 5 of the Dungeon
  2902 | D:5      | Found Tamun's Distillery.
  3043 | D:5      | Reached XP level 7. HP: 47/55 MP: 9/9
  3669 | D:5      | Found Guhy's Magic Scroll Shop.
  3695 | D:5      | Found Veireh's Gadget Shoppe.
  3955 | D:5      | Reached skill level 5 in Fighting
  4039 | D:6      | Reached ** piety under Makhleb
  4367 | D:6      | Reached XP level 8. HP: 62/62 MP: 9/11
  4392 | D:6      | Found a white marble altar of Elyvilon.
  4792 | D:2      | Killed Sigmund
  4792 | D:2      | Reached skill level 5 in Polearms
  4812 | D:2      | Found a basalt altar of Yredelemnul.
  4815 | D:2      | Found a shimmering altar of Xom.
  4815 | D:2      | Found a blossoming altar of Fedhas.
  4828 | D:2      | Found a snail-covered altar of Cheibriados.
  4832 | D:2      | Found a hazy altar of Hepliaklqana.
  5215 | D:6      | Found a white marble altar of Elyvilon.
  5362 | D:7      | Noticed a hippogriff
  5376 | D:7      | Killed a hippogriff
  5398 | D:7      | Reached skill level 6 in Fighting
  5424 | D:7      | Reached skill level 5 in Invocations
  5676 | D:7      | Noticed a hippogriff
  5706 | D:7      | Killed a hippogriff
  5843 | D:7      | Reached XP level 9. HP: 52/71 MP: 11/13
  5870 | D:7      | Reached skill level 7 in Fighting
  6254 | D:7      | Found a staircase to the Ecumenical Temple.
  6365 | D:8      | Noticed a cyclops
  6433 | D:8      | Noticed a two-headed ogre
  7578 | D:9      | Found a staircase to the Orcish Mines.
  7578 | D:9      | Noticed a troll
  7600 | D:10     | Entered Level 10 of the Dungeon
  7904 | D:10     | Reached skill level 8 in Fighting
  8177 | D:10     | Reached XP level 10. HP: 64/80 MP: 15/15
  8347 | D:10     | Noticed a five-headed hydra
  8412 | D:10     | HP: 2/80 [bullfrog (4)]
  8435 | D:10     | HP: 4/80 [centaur/arrow (4)]
  8445 | D:10     | Slain by a five-headed hydra

Levels and vault maps discovered:
D:1:      saegor_arrival_simple_b, layout_basic
D:2:      layout_basic, marbit_many_paths, minmay_overflow_temple_star_hex,
          chequers_ecumenical_altar_simple_redux, solitary_fountain,
          uniq_sigmund
D:3:      layout_loops_ring, first_ration
D:4:      layout_cave_pods, kennysheep_mini, minmay_fractal_squares_diagonal_5
D:5:      layout_basic, serial_shops, shop, shop_coins, shop, st_stairs_5
D:6:      layout_loops_ring, elyvilon_altar_4, basic_altar,
          hangedman_decor_opposing, kennysheep_generic_room_8
D:7:      layout_rooms, minmay_temple_entry_drinking_statues, grunt_livestock
D:8:      layout_loops_ring
D:9:      layout_stronghold, kennysheep_orc_monster_closet_entryway
D:10:     layout_small_grid, grunt_lair_entry_orc_guard_hut, nicolae_wwwww

Skill      XL: |  1  2  3  4  5  6  7  8  9 |
---------------+----------------------------+-----
Polearms       | 3 4 5 7 |  7.1
Armour         | 1 2 3 4 |  4.4
Fighting       | 3 4 5 6 8 |  8.1
Invocations    | 1 2 3 4 5 6 |  6.8
Throwing       | |  1.5
Dodging        | |  2.4

Action                   |  1- 3 |  4- 6 |  7- 9 | 10-12 || total
-------------------------+-------+-------+-------+-------++-------
Melee: Trident           |    94 |       |       |       ||    94
       Halberd           |     9 |   180 |   317 |    18 ||   524
Throw: Throwing net      |     5 |     1 |     1 |       ||     7
Invok: Minor Destruction |       |       |     2 |       ||     2
Evoke: Wand              |       |       |    10 |       ||    10
  Use: Scroll            |     1 |    10 |    12 |     1 ||    24
 Stab: Held in net/web   |     2 |       |       |       ||     2
       Sleeping          |       |       |     3 |       ||     3
Armor: Leather armour    |    27 |    15 |    85 |    18 ||   145
       Ring mail         |       |    34 |    43 |       ||    77
Dodge: Dodged            |    62 |    93 |   193 |    26 ||   374
